AoeStats
← tigremaster

MegaRandom

508277048Analyzed
4v4 RM · 10d ago on Sep 21, 2026· 54m 18s· 8 players
Game mode
Random Map
Map size
Large (8 player)
Population
200
Speed
Normal
Resources
Standard
Victory
Conquest
Starting age
Dark Age
Ending age
Imperial Age
RankedLock teamsTeams togetherTeam positionsShared explorationLock speedFull tech treeHidden civsTurbo modeCheats
Victory
Defeat
🇦🇷 Italians · Argentina
1261
+11
🇮🇳 Sicilians · India
1195
+14
🇨🇱 Saracens · Chile
1160
+15
🇦🇷 Celts · Argentina
1137
+16
🇨🇳 Romans · China
1175
-15
🇺🇸 Huns · United States
1149
-14
🇬🇧 Magyars · United Kingdom
1134
-14
🇹🇷 Tatars · Türkiye
1126
-13
Cezalandırıcı
4:24 Loom
11:52 Feudal Age
17:40 Castle Age
15:38 Double-Bit Axe
17:35 Fletching
17:46 Padded Archer Armor
20:50 Leather Archer Armor
20:57 Elite Skirmisher
25:04 Gold Mining
27:19 Horse Collar
28:44 Fletching
29:00 Heavy Plow
29:11 Bow Saw
29:37 Gold Shaft Mining
28:55 Stone Mining
29:37 Bodkin Arrow
31:24 Ballistics
35:13 Wheelbarrow
34:23 Town Watch
34:51 Masonry
34:51 Scale Barding Armor
34:57 Forging
35:15 Bloodlines
39:02 Imperial Age
37:51 Iron Casting
37:37 Murder Holes
38:45 Chain Barding Armor
38:51 Treadmill Crane
39:18 Husbandry
41:00 Chemistry
40:05 Bracer
40:36 Ring Archer Armor
40:36 Hand Cart
41:50 Timurid Siegecraft
42:40 Plate Barding Armor
43:51 Blast Furnace
43:32 Timurid Siegecraft
42:45 Elite Keshik
44:31 Conscription
44:38 Siege Engineers
48:16 Caravan
49:32 Town Patrol
NY-judyelpesao
0:29 Loom
14:49 Feudal Age
19:14 Castle Age
18:20 Horse Collar
18:28 Double-Bit Axe
20:59 Scale Barding Armor
25:21 Wheelbarrow
26:40 Hand Cart
28:11 Husbandry
28:49 Padded Archer Armor
30:03 Fletching
30:29 Leather Archer Armor
30:25 Forging
33:13 Chain Barding Armor
33:09 Elite Skirmisher
37:10 Iron Casting
39:01 Light Cavalry
40:28 Pikeman
41:09 Squires
41:30 Scale Mail Armor
41:26 Bodkin Arrow
SGSCavalry80
9:22 Loom
11:35 Feudal Age
12:14 Double-Bit Axe
14:41 Wheelbarrow
15:54 Horse Collar
22:29 Castle Age
20:45 Scale Barding Armor
21:09 Gold Mining
22:37 Light Cavalry
23:31 Fletching
25:47 Bloodlines
28:07 Stone Mining
33:51 Town Watch
37:52 Imperial Age
35:48 Corvinian Army
36:27 Husbandry
36:54 Chain Barding Armor
39:20 Bodkin Arrow
41:17 Conscription
43:37 Hand Cart
43:39 Elite Magyar Huszar
44:28 Thumb Ring
47:02 Elite Skirmisher
myth大帝110110110
6:47 Loom
9:22 Feudal Age
13:24 Castle Age
11:28 Double-Bit Axe
28:32 Wheelbarrow
28:15 Bow Saw
30:26 Forging
30:20 Scale Mail Armor
31:47 Medium Warships
31:17 Pikeman
40:10 Hand Cart
44:37 Imperial Age
42:09 Gold Mining
42:49 Stone Mining
44:52 Ballistics
47:40 Imperial Age
raw0000
8:08 Loom
10:53 Feudal Age
11:28 Horse Collar
11:34 Double-Bit Axe
16:28 Stone Mining
18:18 Wheelbarrow
20:38 Castle Age
21:02 Scale Barding Armor
21:09 Forging
23:17 Bloodlines
23:07 Husbandry
26:22 Gold Mining
30:13 Hand Cart
30:43 Gold Shaft Mining
30:43 Stone Shaft Mining
31:44 Bow Saw
31:36 Heavy Plow
32:19 Caravan
32:51 Husbandry
34:05 Iron Casting
35:56 Scale Mail Armor
40:27 Imperial Age
37:42 Town Watch
38:40 Town Patrol
39:57 Squires
39:43 Gambesons
39:46 Arson
40:44 Chain Mail Armor
40:57 Fletching
41:02 Elite Serjeant
42:51 Ballistics
42:18 Arrowslits
43:33 Chemistry
43:44 Chemistry
44:18 Blast Furnace
43:50 Plate Mail Armor
46:25 Guilds
46:46 Coinage
46:18 Capped Ram
47:48 Siege Ram
Chelowolf
7:34 Loom
9:44 Feudal Age
19:45 Castle Age
30:47 Fletching
37:59 Imperial Age
36:13 Double-Bit Axe
36:55 Caravan
40:41 Chemistry
43:04 Bow Saw
49:52 Siege Engineers
52:27 Conscription
tigremaster
4:51 Loom
12:34 Feudal Age
13:11 Fishing Lines
13:23 Double-Bit Axe
20:40 Castle Age
20:39 Forging
20:14 Horse Collar
20:30 Stone Mining
20:31 Gold Mining
20:47 Town Watch
22:15 Scale Barding Armor
22:27 Husbandry
26:36 Heavy Plow
30:25 Caravan
34:31 Imperial Age
32:48 Wheelbarrow
34:57 Coinage
34:41 Capped Ram
36:02 Siege Ram
38:35 Pikeman
39:01 Gambesons
39:02 Arson
39:56 Iron Casting
39:22 Scale Mail Armor
39:41 Halberdier
51:13 Gillnets
53:00 Blast Furnace
52:17 Chain Mail Armor
53:47 Hand Cart
Mauro
5:55 Loom
9:58 Feudal Age
10:27 Double-Bit Axe
11:18 Horse Collar
17:37 Fletching
19:14 Fishing Lines
24:07 Castle Age
22:41 Gold Mining
22:41 Stone Mining
23:26 Padded Archer Armor
24:50 Gillnets
25:10 Bodkin Arrow
24:55 Crossbowman
26:15 Heavy Plow
26:53 Thumb Ring
27:55 Wheelbarrow
28:56 Forging
31:09 Leather Archer Armor
31:29 Iron Casting
33:04 Masonry
36:31 Ballistics
40:30 Bow Saw
42:09 Hand Cart
42:08 Town Watch
43:05 Silk Road
47:18 Imperial Age
47:12 Scale Mail Armor
47:47 Iron Casting
48:01 Bracer
48:33 Ring Archer Armor
49:05 Chemistry
48:36 Architecture
47:32 Arbalester
49:11 Caravan
50:06 Iron Casting
50:28 Stone Shaft Mining
52:28 Crop Rotation
53:00 Conscription
Connection lost

Rejoining the realm…

Still unreachable

The connection could not be restored.

Session expired

The server has moved on; the page needs a fresh start.